 Dungeon Crawl Stone Soup version 0.21.1-1-g345015fe64 (webtiles) character file.

1355 Htamos the Destroyer (level 8, 0/44 HPs)
             Began as a Deep Elf Wizard on July 13, 2018.
             Was a Follower of Vehumet.
             Succumbed to a scorpion's poison
             ... on level 6 of the Dungeon.
             The game lasted 00:19:10 (9531 turns).

Htamos the Destroyer (Deep Elf Wizard)              Turns: 9531, Time: 00:19:11

Health: 0/44       AC:  9    Str:  4    XL:     8   Next: 37%
Magic:  6/16       EV:  7    Int: 26    God:    Vehumet [*.....]
Gold:   135        SH: 11    Dex: 13    Spells: 14/15 levels left

rFire    . . .     SeeInvis .   s - +2 hunting sling
rCold    + . .     Gourm    .   j - +5 shield
rNeg     . . .     Faith    .   l - +2 ring mail {rC+}
rPois    .         Spirit   .   t - +1 helmet
rElec    .         Reflect  .   (no cloak)
rCorr    .         Harm     .   (no gloves)
MR       .....                  (no boots)
Stlth    +.........             (no amulet)
HPRegen  0.14/turn              (no ring)
MPRegen  0.15/turn              (no ring)

@: lethally poisoned (0 -> -1)
A: no striking features
a: Renounce Religion


You were on level 6 of the Dungeon.
You worshipped Vehumet.
Vehumet was aware of your devotion.
You were near starving.

You visited 2 branches of the dungeon, and saw 8 of its levels.

You collected 135 gold pieces.

Inventory:

Hand Weapons
 s - a +2 hunting sling (weapon)
Missiles
 e - 107 arrows
 i - 39 bolts
 k - 3 javelins
 n - 9 tomahawks
 p - 256 stones
 q - 77 sling bullets (quivered)
Armour
 a - a +0 robe
 b - a +0 hat
 j - a +5 shield (worn)
 l - a +2 ring mail of cold resistance (worn)
 r - a +0 shield
 t - a +1 helmet (worn)
Jewellery
 f - a cursed amulet of inaccuracy {unknown}
Wands
 w - a wand of clouds (3)
Scrolls
 h - 3 scrolls of identify
 m - a scroll of amnesia
 u - 3 scrolls of remove curse
 v - a scroll of teleportation {unknown}
Books
 c - a book of Minor Magic

   Spells                             Type                      Level
   a - Magic Dart                     Conjuration                  1
   b - Blink                          Translocation                2
   c - Call Imp                       Summoning                    2
   d - Slow                           Hexes                        2
   e - Conjure Flame                  Conjuration/Fire             3
   f - Mephitic Cloud                 Conjuration/Poison/Air       3
 o - a book of Enchantments

   Spells                             Type                      Level
   a - Cause Fear                     Hexes                        4
   b - Yara's Violent Unravelling     Hexes/Transmutation          5
   c - Silence                        Hexes/Air                    5
   d - Deflect Missiles               Charms/Air                   6
   e - Discord                        Hexes                        8
Comestibles
 d - 6 rations


   Skills:
 - Level 2.0 Fighting
 - Level 5.4 Dodging
 - Level 2.4 Stealth
 - Level 4.4 Spellcasting
 + Level 9.8 Conjurations
   Level 1.1 Summonings
   Level 1.1 Translocations


You had 14 spell levels left.
You knew the following spells:

 Your Spells              Type           Power        Failure   Level  Hunger
a - Magic Dart            Conj           ####         6%          1    None


Dungeon Overview and Level Annotations

Branches:
Dungeon (7/15)             Temple (1/1) D:5

Altars:
Cheibriados
Dithmenos
Fedhas
Gozag
Hepliaklqana
Kikubaaqudgha
Makhleb
Nemelex Xobeh
Okawaru
Qazlal
Ru
Trog
Uskayaw
Vehumet
Wu Jian
Xom
Yredelemnul
Zin
The Shining One

Annotations:
D:4 brittlin's ghost, amateur HOFi
D:6 tensugalgo's ghost, novice NaAs


Message History

5 sling bullets; a scorpion corpse; a worker ant corpse; a bullfrog corpse
* * * LOW HITPOINT WARNING * * *
You feel sick.
* * * LOW HITPOINT WARNING * * *
You feel sick.
* * * LOW HITPOINT WARNING * * *
You feel sick.
You see here 7 sling bullets.
* * * LOW HITPOINT WARNING * * *
You feel sick.
Your magical contamination has completely faded away.
* * * LOW HITPOINT WARNING * * *
You feel sick.
* * * LOW HITPOINT WARNING * * *
You feel sick.
* * * LOW HITPOINT WARNING * * *
You feel sick.
* * * LOW HITPOINT WARNING * * *
You feel sick.
You die...

.# ..#### ###......
#.......# .. #.# #. #.# #.
# #.# . #.. #.# .#...#
#@#####....# #.......#
.........#.###
##################.#.###..#
..............(.....(.....#
####################.######
#... #####


There were no monsters in sight!

Vanquished Creatures
  Sigmund (D:2)
  A phantom (D:4)
  3 bullfrogs
  A gnoll sergeant (D:5)
  2 scorpions
  3 crimson imps
  A centaur zombie (D:6)
  A hound (D:6)
  3 orc priests
  An orc wizard (D:5)
  A centaur skeleton (D:4)
  Natasha (thrice) (D:3)
  A worker ant (D:6)
  Robin (D:4)
  8 gnolls
  8 adders
  5 oozes
  4 worms
  2 dart slugs
  4 leopard geckos
  25 orcs
  6 giant cockroaches
  12 hobgoblins
  4 jackals (D:1)
  2 kobolds
  A quokka (D:6)
  2 ball pythons
  12 bats
  5 frilled lizards
  A giant cockroach zombie (D:6)
  15 goblins
  A leopard gecko skeleton (D:4)
  A leopard gecko zombie (D:5)
  5 rats
146 creatures vanquished.

Notes
Turn   | Place    | Note
-------+----------+-------------------------------------------
     0 | D:1      | Htamos the Deep Elf Wizard began the quest for the Orb.
     0 | D:1      | Reached XP level 1. HP: 10/10 MP: 7/7
   185 | D:1      | Reached skill level 2 in Conjurations
   243 | D:1      | Reached XP level 2. HP: 15/15 MP: 3/9
   547 | D:1      | Reached skill level 3 in Conjurations
   796 | D:1      | Reached XP level 3. HP: 19/19 MP: 4/10
  1090 | D:2      | Reached skill level 4 in Conjurations
  1348 | D:2      | Reached XP level 4. HP: 19/24 MP: 7/12
  1559 | D:2      | Noticed Sigmund
  1570 | D:2      | Killed Sigmund
  1570 | D:2      | Reached skill level 6 in Conjurations
  1570 | D:2      | Reached XP level 5. HP: 22/28 MP: 5/13
  2228 | D:3      | Found a radiant altar of Vehumet.
  2228 | D:3      | Noticed Natasha
  2232 | D:3      | Killed Natasha
  2232 | D:3      | Reached XP level 6. HP: 31/32 MP: 9/14
  2364 | D:3      | Noticed Natasha
  2367 | D:3      | Killed Natasha
  2475 | D:3      | Found a sacrificial altar of Ru.
  2778 | D:2      | Reached skill level 5 in Dodging
  2905 | D:3      | Noticed Natasha
  2914 | D:3      | Killed Natasha
  3798 | D:4      | Reached XP level 7. HP: 30/37 MP: 0/15
  3910 | D:4      | Noticed brittlin's ghost (amateur HOFi)
  3996 | D:5      | Entered Level 5 of the Dungeon
  4034 | D:5      | Reached skill level 1 in Fighting
  4573 | D:4      | Noticed Robin
  4859 | D:4      | Killed Robin
  5597 | D:4      | Reached skill level 7 in Conjurations
  6891 | D:5      | Found a staircase to the Ecumenical Temple.
  6901 | Temple   | Entered the Ecumenical Temple
  7153 | D:3      | Became a worshipper of Vehumet
  7279 | D:5      | Found a glowing silver altar of Zin.
  7846 | D:5      | Reached skill level 8 in Conjurations
  8256 | D:6      | Noticed tensugalgo's ghost (novice NaAs)
  8493 | D:5      | Reached XP level 8. HP: 31/44 MP: 8/16
  8935 | D:6      | Reached skill level 9 in Conjurations
  9038 | D:6      | Reached * piety under Vehumet
  9038 | D:6      | Offered knowledge of Flame Tongue by Vehumet.
  9042 | D:7      | Noticed a hippogriff
  9045 | D:6      | Found an opulent altar of Gozag.
  9517 | D:6      | HP: 2/44 [poisoned by a scorpion]
  9523 | D:6      | HP: 1/44 [poisoned by a scorpion]
  9531 | D:6      | Succumbed to a scorpion's poison

Skill      XL: |  1  2  3  4  5  6  7  8 |
---------------+-------------------------+-----
Conjurations   | 2 3 4 6 8 9 |  9.8
Dodging        | 5 |  5.4
Fighting       | 2 |  2.0
Stealth        | |  2.4
Spellcasting   | |  4.4
Summonings     | |  1.1
Translocations | |  1.1

Action                   |  1- 3 |  4- 6 |  7- 9 || total
-------------------------+-------+-------+-------++-------
Melee: Unarmed           |    26 |       |       ||    26
       Hunting sling     |       |       |     8 ||     8
 Fire: Hunting sling     |       |     9 |    75 ||    84
 Cast: Magic Dart        |    74 |   145 |   258 ||   477
Evoke: Wand              |       |       |     1 ||     1
  Use: Scroll            |     4 |       |     8 ||    12
       Potion            |       |     1 |     4 ||     5
  Eat: Chunk             |     1 |     5 |     8 ||    14
       Ration            |       |     1 |     2 ||     3
Armor: Ring mail         |    30 |    25 |    76 ||   131
       Skin              |       |     2 |       ||     2
Dodge: Dodged            |    25 |    27 |    73 ||   125
Block: Shield            |       |       |    89 ||    89
